 Dungeon Crawl Stone Soup version 0.21.1-1-g345015fe64 (webtiles) character file.

21248 Dickchan the Protected (level 12, -1/103 HPs)
             Began as a Gnoll Wanderer on June 30, 2018.
             Was a High Priest of Nemelex Xobeh.
             Slain by a spiny frog (15 damage)
             ... on level 2 of the Lair of Beasts.
             The game lasted 00:46:20 (15391 turns).

Dickchan the Protected (Gnoll Wanderer)            Turns: 15391, Time: 00:46:21

Health: -1/103     AC:  9    Str: 17    XL:     12   Next: 88%
Magic:  0/32       EV: 16    Int: 15    God:    Nemelex Xobeh [*****.]
Gold:   865        SH:  0    Dex: 13    Spells: 26/26 levels left

rFire    . . .     SeeInvis .   u - +1 scimitar (flame)
rCold    . . .     Gourm    .   (no shield)
rNeg     . . .     Faith    .   S - +2 robe of Vines {NoPotionHeal Regen+7}
rPois    .         Spirit   +   (no helmet)
rElec    .         Reflect  .   (no cloak)
rCorr    .         Harm     .   z - +0 pair of gloves (curse)
MR       .....     Clarity  +   m - +0 pair of boots
Stlth    ++++......             J - amulet of guardian spirit
HPRegen  3.07/turn              G - ring of magical power
MPRegen  0.23/turn              D - +1 ring of protection

@: lethally poisoned (-1 -> -14)
A: distributed training, claws 1, fangs 1, clarity, clumsy 2, robust 1, strong
nose
a: Triple Draw, Deal Four, Stack Five, Renounce Religion


You were on level 2 of the Lair of Beasts.
You worshipped Nemelex Xobeh.
Nemelex Xobeh was extremely pleased with you.
You were not hungry.

You visited 3 branches of the dungeon, and saw 15 of its levels.
You also visited: Labyrinth.

You collected 865 gold pieces.

Inventory:

Hand Weapons
 b - a +2 blowgun
 u - a +1 scimitar of flaming (weapon)
 U - a +3 short sword of electrocution
 Z - the +4 dire flail of the Insatiable Souls {flame, *Contam rF- SInv Stlth+}
   (You found it on level 1 of the Lair of Beasts)

   It has been specially enchanted to burn those struck by it, causing extra
   injury to most foes and up to half again as much damage against particularly
   susceptible opponents.
   It makes you vulnerable to fire.
   It lets you see invisible.
   It causes magical contamination when unequipped.
   It makes you more stealthy.
Missiles
 w - 27 poisoned needles
Armour
 m - a +0 pair of boots (worn)
 q - a +1 hat of magic resistance
 z - a cursed +0 pair of gloves (worn)
 I - a +1 pair of gloves
 L - the +4 ring mail "Zarisez" {rF+ Str+4}
   (You found it in a labyrinth)

   It affects your strength (+4).
   It protects you from fire.
 N - a +2 chain mail of cold resistance
 S - the +2 robe of Vines (worn) {NoPotionHeal Regen+7}
   (You found it in a labyrinth)

   It increases your rate of regeneration.
Jewellery
 l - an uncursed ring of fire {unknown}
 y - an uncursed ring of positive energy
 D - a +1 ring of protection (right hand)
 E - an uncursed ring of fire {unknown}
 G - a ring of magical power (left hand)
 J - an amulet of guardian spirit (around neck)
Wands
 k - a wand of flame (30)
 t - a wand of iceblast (9)
 K - a wand of scattershot (2)
 P - a wand of acid (18)
 W - a wand of enslavement (11)
Scrolls
 a - 2 scrolls of amnesia
 d - 8 scrolls of teleportation
 e - 4 scrolls of immolation
 j - a scroll of torment {unknown}
 p - 8 scrolls of remove curse
 r - 10 scrolls of identify
 C - 2 scrolls of enchant armour
 F - 3 scrolls of magic mapping
Potions
 h - 7 potions of curing
 n - 4 potions of heal wounds
 o - 2 potions of cancellation
 s - a potion of brilliance
 A - 3 potions of flight
 M - a potion of ambrosia
 R - a potion of resistance
 X - a potion of magic {unknown}
Books
 H - a book of Debilitation

   Spells                             Type                      Level
   a - Corona                         Hexes                        1
   b - Slow                           Hexes                        2
   c - Inner Flame                    Hexes/Fire                   3
   d - Portal Projectile              Hexes/Translocation          3
   e - Cause Fear                     Hexes                        4
   f - Leda's Liquefaction            Hexes/Earth                  4
 Q - a book of Flames

   Spells                             Type                      Level
   a - Flame Tongue                   Conjuration/Fire             1
   b - Throw Flame                    Conjuration/Fire             2
   c - Conjure Flame                  Conjuration/Fire             3
   d - Inner Flame                    Hexes/Fire                   3
   e - Sticky Flame                   Conjuration/Fire             4
   f - Fireball                       Conjuration/Fire             5
Miscellaneous
 c - an ornate deck of destruction {drawn: 5}
 i - a plain deck of summoning {drawn: 4}
 O - a plain deck of destruction {drawn: 2}
 T - a plain deck of summoning
 V - a legendary deck of escape {drawn: 1}
Comestibles
 f - 13 rations
 g - 6 chunks of flesh


   Skills:
 + Level 8.9 Fighting
 + Level 7.5 Short Blades
 + Level 7.5 Long Blades
 + Level 7.5 Axes
 + Level 8.0 Maces & Flails
 + Level 7.5 Polearms
 + Level 7.5 Staves
 + Level 7.5 Slings
 + Level 8.0 Bows
 + Level 7.5 Crossbows
 + Level 8.0 Throwing
 + Level 11.2 Armour
 + Level 7.5 Dodging
 + Level 7.5 Stealth
 + Level 8.0 Shields
 + Level 7.5 Unarmed Combat
 + Level 7.5 Spellcasting
 + Level 6.3 Conjurations
 + Level 6.3 Hexes
 + Level 6.3 Charms
 + Level 6.3 Summonings
 + Level 6.3 Necromancy
 + Level 6.3 Translocations
 + Level 6.3 Transmutations
 + Level 6.3 Fire Magic
 + Level 6.3 Ice Magic
 + Level 6.3 Air Magic
 + Level 6.3 Earth Magic
 + Level 6.3 Poison Magic
 + Level 8.3 Invocations
 + Level 7.5 Evocations


You had 26 spell levels left.
You didn't know any spells.

Dungeon Overview and Level Annotations

Branches:
Dungeon (12/15)            Temple (1/1) D:5            Lair (2/6) D:8
  Swamp: Lair:2-4    Shoals: Lair:2-4     Snake: Lair:2-4    Spider: Lair:2-4
    Orc: D:9-12

Altars:
Ashenzari
Cheibriados
Dithmenos
Elyvilon
Fedhas
Gozag
Hepliaklqana
Kikubaaqudgha
Makhleb
Nemelex Xobeh
Okawaru
Ru
Sif Muna
Trog
Uskayaw
Vehumet
Wu Jian
Xom
Yredelemnul
Zin
The Shining One

Annotations:
Lair:1 1 exclusion
Lair:2 Sonja


Innate Abilities, Weirdness & Mutations

Your experience applies equally to all skills.
You have very sharp teeth.
Your uncanny sense of smell can sniff out nearby items.
You have sharp fingernails.
You possess an exceptional clarity of mind.
You are very clumsy. (Dex -4)
You are robust. (+10% HP)


Message History

The spiny frog stings you!!
You are more poisoned.
The spiny frog poisons you! The spiny frog stings you!!
* * * LOW HITPOINT WARNING * * *
You are more poisoned.
The spiny frog poisons you!
You feel very sick.
You feel very sick.
Evoke which item? (* to show all) (? for menu, Esc to quit)
You draw a card...
It is the Tomb.
Walls emerge from the floor!
You feel very sick. The spiny frog stings you.
* * * LOW HITPOINT WARNING * * *
You are more poisoned.
The spiny frog poisons you! The yak barely misses you.
You riposte.
You slash the yak! You burn the yak.
You kill the yak!
The spiny frog stings you!!
You die...
Your body glows with a rainbow of weird colours and disappears.

#..##.#.....##.....##.....##. ###
##..##......##.....##.....###
..P##...#.#.....##..⌠..#......#..
....##...###..⌠........#..⌠...#..
....#....# #...........#.....#...
.....#.E## ##.......⌠.......###.#
......E## ###...............###.
....H.H# ##.#HF.⌠..<..⌠..##..###
P......# #P..#.@#.......#.......
..%....## ##...###..⌠...##.......
.....†..# #.....##.....##........
..###...# ##.....###+####..###...
.# #..## #.....# #.## ##.. # ...#
#.....# ∆ #.. ... .... .......#
#. .... ..............# ∆ ....
............P##


You could see a hippogriff and a spiny frog.

Vanquished Creatures
  A minotaur (Lab)
  Harold (D:11)
  A hydra (Lair:1)
  The ghost of Merkolit the Grappler, a novice TrMo of Elyvilon (D:8)
  Erica (D:11)
  2 two-headed ogres
  An ugly thing (D:11)
  An oklob plant (Lair:1)
  A faun (D:4)
  A cyclops (D:11)
  A black mamba (Lair:2)
  2 elephants (Lair:2)
  3 spiny frogs
  A komodo dragon (D:11)
  A minotaur zombie (Lab)
  2 trolls (D:11)
  Grinder (D:5)
  2 hippogriffs (D:9)
  15 yaks
  A wyvern (Lair:1)
  A wraith (D:10)
  2 basilisks
  A steam dragon (D:11)
  3 water moccasins (Lair:1)
  A porcupine (Lair:1)
  A sky beast (D:9)
  An ice beast (D:6)
  2 black bears
  A phantom (D:8)
  3 ogres
  2 centaurs
  5 crocodiles
  5 bullfrogs
  A wyvern skeleton (D:7)
  4 scorpions
  9 killer bees
  5 wights (D:9)
  2 howler monkeys (D:7)
  A bullfrog zombie (D:10)
  3 crimson imps
  3 centaur zombies
  2 quasits
  8 hounds
  A jelly (D:10)
  2 orc priests
  An orc wizard (D:8)
  Jessica (D:3)
  3 bullfrog skeletons
  3 iguanas
  8 worker ants
  A hound zombie (D:8)
  A howler monkey zombie (D:10)
  A worker ant zombie (D:9)
  16 adders
  A howler monkey skeleton (D:9)
  A shadow imp (D:11)
  An ooze (D:3)
  4 worms
  3 dart slugs
  5 leopard geckos
  20 orcs
  4 bats
  4 giant cockroaches
  7 goblins
  4 hobgoblins (D:1)
  12 jackals
  2 quokkas
  3 ball pythons
  6 frilled lizards
  A giant cockroach zombie (D:6)
  A jackal zombie (D:6)
  9 kobolds
  8 rats
  3 fungi (Lair:2)
  2 plants
245 creatures vanquished.

Vanquished Creatures (collateral kills)
  Gastronok (Lair:2)
  2 two-headed ogres
  3 elephants (Lair:2)
  2 rime drakes (Lair:2)
  A water moccasin (Lair:2)
  A porcupine (Lair:2)
  An orc warrior (D:8)
  A sky beast (D:5)
  A crocodile (Lair:1)
  A bullfrog skeleton (D:8)
  A jelly (D:7)
  A centaur skeleton (D:5)
  An adder (D:4)
  An adder zombie (D:7)
  3 orcs
  A giant cockroach (D:5)
  A frilled lizard (D:5)
23 creatures vanquished.

Vanquished Creatures (others)
  An elephant (Lair:2)
  A porcupine (Lair:2)
  2 ball lightnings
  An orc (D:7)
  2 fungi (Lair:2)
7 creatures vanquished.

Grand Total: 275 creatures vanquished

Notes
Turn   | Place    | Note
-------+----------+-------------------------------------------
     0 | D:1      | Dickchan the Gnoll Wanderer began the quest for the Orb.
     0 | D:1      | Dickchan set off with: a curare-tipped needle, a +2 blowgun, a +0 ring mail, a +0 mace, a ration
     0 | D:1      | Reached XP level 1. HP: 20/20 MP: 1/1
   156 | D:1      | Reached XP level 2. HP: 21/26 MP: 2/2
   559 | D:1      | Reached XP level 3. HP: 20/31 MP: 3/3
   882 | D:2      | Reached skill level 1 in Invocations
   995 | D:2      | Reached skill level 1 in Short Blades
   995 | D:2      | Reached skill level 1 in Long Blades
   995 | D:2      | Reached skill level 1 in Axes
   995 | D:2      | Reached skill level 1 in Polearms
   995 | D:2      | Reached skill level 1 in Staves
   995 | D:2      | Reached skill level 1 in Slings
   995 | D:2      | Reached skill level 1 in Crossbows
   995 | D:2      | Reached skill level 1 in Dodging
   995 | D:2      | Reached skill level 1 in Stealth
   995 | D:2      | Reached skill level 1 in Unarmed Combat
   995 | D:2      | Reached skill level 1 in Spellcasting
   995 | D:2      | Reached skill level 1 in Evocations
  1029 | D:2      | Reached XP level 4. HP: 38/38 MP: 5/5
  1039 | D:2      | Found a sacrificial altar of Ru.
  1509 | D:2      | Reached skill level 1 in Conjurations
  1509 | D:2      | Reached skill level 1 in Hexes
  1509 | D:2      | Reached skill level 1 in Charms
  1509 | D:2      | Reached skill level 1 in Summonings
  1509 | D:2      | Reached skill level 1 in Necromancy
  1509 | D:2      | Reached skill level 1 in Translocations
  1509 | D:2      | Reached skill level 1 in Transmutations
  1509 | D:2      | Reached skill level 1 in Fire Magic
  1509 | D:2      | Reached skill level 1 in Ice Magic
  1509 | D:2      | Reached skill level 1 in Air Magic
  1509 | D:2      | Reached skill level 1 in Earth Magic
  1509 | D:2      | Reached skill level 1 in Poison Magic
  1889 | D:3      | Noticed Jessica
  1901 | D:3      | Killed Jessica
  1901 | D:3      | Reached XP level 5. HP: 43/43 MP: 5/7
  2577 | D:4      | Noticed a two-headed ogre
  2668 | D:4      | Reached XP level 6. HP: 49/50 MP: 8/8
  2833 | D:4      | Found a shattered altar of Ashenzari.
  3094 | D:5      | Entered Level 5 of the Dungeon
  3094 | D:5      | Found a staircase to the Ecumenical Temple.
  3350 | Temple   | Entered the Ecumenical Temple
  3364 | Temple   | Became a worshipper of Nemelex Xobeh the Trickster
  3397 | D:5      | Received a gift from Nemelex Xobeh
  3430 | D:4      | Noticed a faun
  3430 | D:4      | a two-headed ogre changed into a faun
  3470 | D:4      | Killed a faun
  3470 | D:4      | Reached skill level 5 in Fighting
  3470 | D:4      | Reached XP level 7. HP: 25/56 MP: 8/10
  3968 | D:5      | Reached skill level 9 in Armour
  4301 | D:5      | Noticed Grinder
  4331 | D:5      | Killed Grinder
  4331 | D:5      | Reached XP level 8. HP: 32/63 MP: 12/12
  4567 | D:5      | Reached * piety under Nemelex Xobeh
  5009 | D:6      | Received a gift from Nemelex Xobeh
  5441 | D:6      | Reached ** piety under Nemelex Xobeh
  5751 | D:7      | Received a gift from Nemelex Xobeh
  5772 | D:7      | Found a snail-covered altar of Cheibriados.
  6367 | D:7      | Found a basalt altar of Yredelemnul.
  6373 | D:7      | Found an opulent altar of Gozag.
  6513 | D:7      | Reached XP level 9. HP: 49/69 MP: 14/14
  6784 | D:7      | Found a deep blue altar of Sif Muna.
  6795 | D:7      | Found a hide-covered altar of Uskayaw.
  7037 | D:8      | Found an ornate altar of the Wu Jian Council.
  7039 | D:8      | Noticed Merkolit's ghost (novice TrMo)
  7043 | D:8      | Killed Merkolit's ghost
  7043 | D:8      | Reached skill level 5 in Maces & Flails
  7043 | D:8      | Reached skill level 5 in Bows
  7043 | D:8      | Reached skill level 5 in Throwing
  7043 | D:8      | Reached skill level 5 in Shields
  7163 | D:8      | Received a gift from Nemelex Xobeh
  7270 | D:8      | Noticed a two-headed ogre
  7476 | D:8      | Killed a two-headed ogre
  7476 | D:8      | Reached skill level 5 in Invocations
  7476 | D:8      | Reached XP level 10. HP: 72/77 MP: 15/17
  7594 | D:8      | Found a staircase to the Lair.
  8039 | D:8      | Found a shadowy altar of Dithmenos.
  8212 | D:9      | Reached *** piety under Nemelex Xobeh
  8237 | D:9      | Reached skill level 5 in Short Blades
  8237 | D:9      | Reached skill level 5 in Long Blades
  8237 | D:9      | Reached skill level 5 in Axes
  8237 | D:9      | Reached skill level 5 in Polearms
  8237 | D:9      | Reached skill level 5 in Staves
  8237 | D:9      | Reached skill level 5 in Slings
  8237 | D:9      | Reached skill level 5 in Crossbows
  8237 | D:9      | Reached skill level 5 in Dodging
  8237 | D:9      | Reached skill level 5 in Stealth
  8237 | D:9      | Reached skill level 5 in Unarmed Combat
  8237 | D:9      | Reached skill level 5 in Spellcasting
  8237 | D:9      | Reached skill level 5 in Evocations
  8590 | D:9      | Found a glowing golden altar of the Shining One.
  8670 | D:8      | Reached skill level 10 in Armour
  9192 | D:9      | Received a gift from Nemelex Xobeh
  9934 | D:9      | Noticed a two-headed ogre
  9953 | D:9      | Killed a two-headed ogre
 10460 | D:10     | Entered Level 10 of the Dungeon
 10461 | D:10     | Received a gift from Nemelex Xobeh
 10583 | D:10     | Reached XP level 11. HP: 40/84 MP: 19/19
 10840 | D:9      | Gained mutation: You are clumsy. (Dex -2) [potion of mutation]
 10840 | D:9      | Gained mutation: You are robust. (+10% HP) [potion of mutation]
 10840 | D:9      | Gained mutation: You possess an exceptional clarity of mind. [potion of mutation]
 10840 | D:9      | Gained mutation: You have sharp fingernails. [potion of mutation]
 10995 | D:10     | Noticed a two-headed ogre
 11007 | D:10     | Killed a two-headed ogre
 11052 | D:10     | Received a gift from Nemelex Xobeh
 11393 | D:10     | Reached **** piety under Nemelex Xobeh
 11457 | D:10     | Received a gift from Nemelex Xobeh
 11765 | D:11     | Noticed a two-headed ogre
 11794 | D:10     | Killed a two-headed ogre
 11794 | D:10     | Reached skill level 5 in Conjurations
 11794 | D:10     | Reached skill level 5 in Hexes
 11794 | D:10     | Reached skill level 5 in Charms
 11794 | D:10     | Reached skill level 5 in Summonings
 11794 | D:10     | Reached skill level 5 in Necromancy
 11794 | D:10     | Reached skill level 5 in Translocations
 11794 | D:10     | Reached skill level 5 in Transmutations
 11794 | D:10     | Reached skill level 5 in Fire Magic
 11794 | D:10     | Reached skill level 5 in Ice Magic
 11794 | D:10     | Reached skill level 5 in Air Magic
 11794 | D:10     | Reached skill level 5 in Earth Magic
 11794 | D:10     | Reached skill level 5 in Poison Magic
 12046 | D:11     | Noticed a cyclops
 12060 | D:11     | Killed a cyclops
 12580 | D:11     | Noticed Erica
 12594 | D:11     | Killed Erica
 12600 | D:11     | Received a gift from Nemelex Xobeh
 12717 | D:11     | Noticed Harold
 12731 | D:11     | Killed Harold
 13077 | D:11     | Noticed a white ugly thing
 13122 | D:11     | Killed a white ugly thing
 13427 | Lair:1   | Entered Level 1 of the Lair of Beasts
 13462 | Lair:1   | Reached XP level 12. HP: 102/102 MP: 22/22
 13476 | Lair:1   | Found a labyrinth entrance.
 13605 | Lab      | Entered a labyrinth
 13673 | Lab      | Paralysed by fainting for 8 turns
 13828 | Lab      | Noticed a minotaur
 13848 | Lab      | Killed a minotaur
 13861 | Lab      | Found the +2 robe of Vines {NoPotionHeal Regen+7}
 13872 | Lab      | Got an ancient ring mail
 13883 | Lab      | Identified the +4 ring mail "Zarisez" {rF+ Str+4} (You found it in a labyrinth)
 13973 | Lair:1   | Received a gift from Nemelex Xobeh
 14391 | Lair:1   | Got a crystal dire flail
 14396 | Lair:1   | Identified the +4 dire flail of the Insatiable Souls {flame, *Contam rF- SInv Stlth+} (You found it on level 1 of the Lair of Beasts)
 14410 | Lair:1   | Received a gift from Nemelex Xobeh
 14552 | Lair:1   | Noticed a five-headed hydra
 14577 | Lair:1   | Killed a one-headed hydra
 14577 | Lair:1   | Reached skill level 11 in Armour
 14584 | Lair:1   | Gained mutation: You are very clumsy. (Dex -4) [mutagenic glow]
 14599 | Lair:1   | Noticed an ice dragon
 14773 | Lair:2   | Noticed Sonja
 15311 | Lair:2   | Reached ***** piety under Nemelex Xobeh
 15350 | Lair:2   | Noticed Gastronok
 15361 | Lair:2   | Killed Gastronok
 15391 | Lair:2   | Slain by a spiny frog

Skill      XL: |  1  2  3  4  5  6  7  8  9 10 11 12 |
---------------+-------------------------------------+-----
Invocations    | 1 2 3 4 5 6 7 8 |  8.3
Short Blades   | 1 2 3 4 5 6 7 |  7.5
Long Blades    | 1 2 3 4 5 6 7 |  7.5
Axes           | 1 2 3 4 5 6 7 |  7.5
Polearms       | 1 2 3 4 5 6 7 |  7.5
Staves         | 1 2 3 4 5 6 7 |  7.5
Slings         | 1 2 3 4 5 6 7 |  7.5
Crossbows      | 1 2 3 4 5 6 7 |  7.5
Dodging        | 1 2 3 4 5 6 7 |  7.5
Stealth        | 1 2 3 4 5 6 7 |  7.5
Unarmed Combat | 1 2 3 4 5 6 7 |  7.5
Spellcasting   | 1 2 3 4 5 6 7 |  7.5
Evocations     | 1 2 3 4 5 6 7 |  7.5
Conjurations   | 1 2 3 4 5 6 |  6.3
Hexes          | 1 2 3 4 5 6 |  6.3
Charms         | 1 2 3 4 5 6 |  6.3
Summonings     | 1 2 3 4 5 6 |  6.3
Necromancy     | 1 2 3 4 5 6 |  6.3
Translocations | 1 2 3 4 5 6 |  6.3
Transmutations | 1 2 3 4 5 6 |  6.3
Fire Magic     | 1 2 3 4 5 6 |  6.3
Ice Magic      | 1 2 3 4 5 6 |  6.3
Air Magic      | 1 2 3 4 5 6 |  6.3
Earth Magic    | 1 2 3 4 5 6 |  6.3
Poison Magic   | 1 2 3 4 5 6 |  6.3
Maces & Flails | 3 4 5 6 7 8 |  8.0
Bows           | 3 4 5 6 7 8 |  8.0
Throwing       | 3 4 5 6 7 8 |  8.0
Shields        | 3 4 5 6 7 8 |  8.0
Fighting       | 5 6 7 8 |  8.9
Armour         | 9 10 11 | 11.2

Action                   |  1- 3 |  4- 6 |  7- 9 | 10-12 || total
-------------------------+-------+-------+-------+-------++-------
Melee: Mace              |    46 |       |       |       ||    46
       Bite              |    13 |    20 |    36 |    94 ||   163
       Spear             |   110 |   151 |    27 |       ||   288
       Punch             |       |     1 |     8 |    25 ||    34
       Hand axe          |       |    60 |   134 |       ||   194
       Dagger            |       |       |   130 |   333 ||   463
       Short sword       |       |       |       |   299 ||   299
       Scimitar          |       |       |       |    55 ||    55
       Glaive            |       |       |       |    37 ||    37
 Fire: Blowgun           |       |    11 |    10 |     3 ||    24
Evoke: Deck              |       |     8 |    22 |    38 ||    68
  Use: Scroll            |       |       |       |    13 ||    13
       Potion            |       |       |       |    12 ||    12
 Stab: Sleeping          |       |     1 |     5 |    10 ||    16
       Distracted        |       |       |     1 |     2 ||     3
  Eat: Chunk             |     1 |     6 |    15 |    25 ||    47
Armor: Ring mail         |    68 |    82 |   133 |   186 ||   469
       Chain mail        |       |       |       |    30 ||    30
       Robe              |       |       |       |    14 ||    14
Dodge: Dodged            |    93 |   145 |   188 |   383 ||   809
       Rpst.: Scimitar   |       |       |       |    12 ||    12
